cohdb
Replays
Latest Replays
All Replays
Popular Replays
Top Player Replays
Match Explorer
How It Works
Community
CoH3 Stats
Reddit
Sign in to upload your games and track your stats! →
Sign in with Steam
Match 41665639
Unlisted
Match 41665639
Overview
Messages
Build Orders
End
Construct Weapon Support Center
M1919 Machine Gun Team
Engineer Squad
M1919 Machine Gun Team
Air Support Center
P-47 Dive Bomb
M3 Armored Personnel Carrier
Engineer Squad
P-47 Strafing Run
Bazooka Squad
Selects Heavy Weapons
Selects Assault Carriers
M3 Assault Carrier
Grasshopper Recon Run
Double Sortie
양심티거사랑
chiwanghao
sachok931
KkakDuGism
XaZaX
Apoc
vincent
SS_ON
0
0
Comments
sign in to comment!
No comments posted yet!